 Dungeon Crawl Stone Soup version 0.24-a0-521-g122614bf49 (webtiles) character file.

Game seed: 3492123313715182346

232404 Titania the Executioner (level 18, -15/168 HPs)
             Began as a Minotaur Berserker on July 26, 2019.
             Was a High Priest of Trog.
             Killed from afar by a deep elf high priest (30 damage)
             ... with damnation
             ... on level 3 of the Elven Halls on July 28, 2019.
             The game lasted 02:23:16 (34080 turns).

Titania the Executioner (Minotaur Berserker)       Turns: 34080, Time: 02:23:28

Health: -15/168    AC: 29    Str: 33    XL:     18   Next: 82%
Magic:  8/8        EV: 20    Int:  4    God:    Trog [*****.]
Gold:   2459       SH:  5    Dex: 12    Spells: 17/17 levels left

rFire    + . .     SeeInvis +   u - +9 executioner's axe (antimagic)
rCold    . . .     Gourm    .   (shield currently unavailable)
rNeg     . . .     Faith    .   H - +4 plate armour {rF+}
rPois    .         Spirit   .   W - +0 hat {SInv}
rElec    +         Reflect  +   F - +2 cloak
rCorr    .         Harm     .   Y - +0 pair of gloves
MR       +....     Rnd*Tele +   (no boots)
Stlth    ..........             e - +5 amulet of reflection
HPRegen  0.38/turn              N - +6 ring of slaying
MPRegen  0.11/turn              C - +4 ring of evasion

@: mighty, silence (expiring), very slightly contaminated, studying Staves,
invisible
A: retaliatory headbutt, claws 1, horns 2, talons 2, slimy green scales 1,
shaggy fur 1, electricity resistance, teleportitis 1
}: 1/15 runes: decaying
a: Renounce Religion


You were on level 3 of the Elven Halls.
You worshipped Trog.
Trog was extremely pleased with you.
You were not hungry.

You visited 5 branches of the dungeon, and saw 30 of its levels.
You also visited: Sewer, Ossuary, Gauntlet and Ice Cave.

You collected 2584 gold pieces.
You spent 125 gold pieces at shops.

Inventory:

Hand Weapons
 f - the +5 mace of Fear {flame, Str+4}
   (You found it on level 5 of the Dungeon)

   It has been specially enchanted to burn those struck by it, causing extra
   injury to most foes and up to half again as much damage against particularly
   susceptible opponents.
   It affects your strength (+4).
 u - a +9 antimagic executioner's axe (weapon)
 y - a +4 lajatang of electrocution
 Q - the +11 arbalest of the Hierophant {venom, rN+ Stlth+}
   (You took it off a minotaur in a Gauntlet)

   It poisons the ammo it fires.
   It protects you from negative energy.
   It makes you more stealthy.
 X - the +2 trident of a Labyrinth {vamp, *Corrode rN+ Str+4 Int+5}
   (You found it on level 1 of the Lair of Beasts)

   It inflicts no extra harm, but heals its wielder when it wounds a living foe.
   It affects your strength (+4).
   It affects your intelligence (+5).
   It protects you from negative energy.
   It may corrode you when you take damage.
Missiles
 P - 120 bolts
Armour
 b - a +0 cloak of invisibility
 F - a +2 cloak (worn)
 H - a +4 plate armour of fire resistance (worn)
 W - a +0 hat of see invisible (worn)
 Y - a +0 pair of gloves (worn)
Jewellery
 e - a +5 amulet of reflection (around neck)
 j - a +4 ring of strength
 k - the amulet of Recklessness {Spirit rPois rN+ Dex+2}
   (You bought it in a shop on level 13 of the Dungeon)

   [amulet of guardian spirit]

   It causes incoming damage to be split between your health and magic.
   It affects your dexterity (+2).
   It protects you from poison.
   It protects you from negative energy.
 A - an uncursed ring of protection from magic
 C - a +4 ring of evasion (right hand)
 N - a +6 ring of slaying (left hand)
Wands
 s - a wand of paralysis (17)
 D - a wand of disintegration (4)
 G - a wand of scattershot (5)
 M - a wand of acid (5)
 O - a wand of enslavement (15)
 V - a wand of iceblast (34)
Scrolls
 a - 4 scrolls of magic mapping
 d - 4 scrolls of fog
 l - 15 scrolls of remove curse
 m - a scroll of torment
 n - 6 scrolls of blinking
 t - 4 scrolls of fear
 v - 10 scrolls of teleportation
 B - 2 scrolls of enchant armour
 E - a scroll of enchant weapon
 L - a scroll of silence
 T - 3 scrolls of identify
Potions
 g - 11 potions of brilliance
 o - 4 potions of agility
 p - 2 potions of flight
 q - 4 potions of magic
 r - 14 potions of curing
 w - 3 potions of haste
 K - a potion of resistance
 R - a potion of ambrosia
Books
 z - a manual of Staves
Miscellaneous
 i - a fan of gales
 J - a crystal ball of energy
 Z - a phial of floods
Comestibles
 c - 39 rations


   Skills:
 + Level 16.6 Fighting
 * Level 21.8 Axes
   Level 5.0 Slings
 + Level 11.4 Crossbows
 + Level 16.3 Armour
 + Level 15.2 Dodging
 + Level 9.9 Evocations


You had 17 spell levels left.
You didn't know any spells.
Your spell library was empty.

Dungeon Overview and Level Annotations

Branches:
Dungeon (15/15)            Temple (0/1) D:6            Lair (6/6) D:9
  Swamp (4/4) Lair:3       Spider (0/4) Lair:3        Slime (0/5) Lair:6
    Orc (2/2) D:12            Elf (3/3) Orc:2        Vaults (0/5) D:13
 Depths (0/5) D:15

Altars:
Ashenzari
Cheibriados
Kikubaaqudgha
Ru
Vehumet
Yredelemnul
Beogh
Jiyva

Shops:
D:8 [   D:11 [   D:12 ?   D:13 *   D:15 (   Orc:2 ?[}*   Elf:1 }


Innate Abilities, Weirdness & Mutations

You reflexively headbutt those who attack you in melee.
You have a pair of horns on your head.
You have sharp fingernails.
You have razor-sharp toenails.
You are partially covered in slimy green scales. (AC +2)
You are covered in fur. (AC +1)
You are resistant to electric shocks. (rElec)
You are occasionally teleported next to monsters.


Message History

Okay, then.
Your plate armour prevents you from hitting the deep elf annihilator.
You claw the deep elf annihilator!
You kill the deep elf annihilator!
Trog accepts your kill.
Trog appreciates your killing of a magic user.
Something appears at your feet! Trog grants you ammunition!
The deep elf high priest mumbles some strange prayers to its god against you.
The sphere of damnation explodes!
The damnation engulfs you!!
* * * LOW HITPOINT WARNING * * *
You feel better. The rust devil completely misses you.
You fade into invisibility!
The Ice Fiend calls on the powers of darkness!
The deep elf high priest convulses!
Your body is wracked with pain!
* * * LOW HITPOINT WARNING * * *
You block the rust devil's attack.
The deep elf high priest calls down the wrath of its god upon you.
The sphere of damnation explodes!
The damnation engulfs you!!
You die...

#### ####=)####
###$:!}|)$(###
#:$?$$$?)[$|$##
%$:|).%.).[.@)#
+############4#
e#


34 421 4Er. ..... ..(... e###. ○#. You could see an Ice Fiend, a balrug, a sun
demon, an orange demon, a deep elf high priest, a hellwing, a rust devil, a
water elemental, a red devil and a hell rat.

Vanquished Creatures
  A tentacled monstrosity (Swamp:1)
  Jorgrun (Swamp:1)
  Rupert (D:15)
  A deep elf blademaster (Elf:3)
  A deep elf master archer (Elf:3)
  Gastronok (Lair:2)
  3 thorn hunters
  Kirke (Swamp:4)
  A frost giant (IceCv)
  5 deep elf sorcerers (Elf:3)
  Louise (D:15)
  An orc warlord (Orc:2)
  4 deep elf elementalists (Elf:3)
  A deep elf demonologist (Elf:3)
  2 deep elf annihilators (Elf:3)
  A minotaur (Gauntlet)
  4 deep elf death magi
  Snorg (Lair:5)
  A green death (Gauntlet)
  A yaktaur captain (D:13)
  Fannar (D:11)
  3 deep elf high priests (Elf:3)
  A rakshasa (D:15)
  23 hydras
  3 ghost crabs
  2 centaur warriors (D:15)
  A hell beast (Gauntlet)
  A two-headed ogre (shapeshifter) (D:15)
  16 death yaks (Lair:6)
  A shambling mangrove (Swamp:3)
  3 tengu warriors (D:15)
  2 catoblepae
  28 dancing weapons
  6 two-headed ogres
  A deep troll shaman (Lair:6)
  6 ogre magi
  13 alligators
  Sonja (Lair:5)
  A fire crab (shapeshifter) (D:14)
  27 deep elf knights
  4 spriggan druids
  A wizard (D:12)
  9 swamp dragons
  Pikel (D:9)
  A large abomination (Elf:3)
  A wolf spider zombie (D:13)
  8 orc sorcerers
  8 deep elf archers
  A wolf spider (Lair:3)
  A lindwurm (Lair:6)
  56 deep elf magi
  12 ugly things
  5 orc knights
  3 cyclopes
  6 elephants
  Joseph (D:7)
  2 torpor snails (Lair:4)
  A centaur zombie (D:13)
  2 orange demons (Gauntlet)
  An ice statue (IceCv)
  2 black mambas
  9 spiny frogs
  A gargoyle (D:14)
  6 komodo dragons
  3 kobold demonologists
  4 rime drakes
  A spiny frog (shapeshifter) (Elf:3)
  A yaktaur (D:12)
  2 tengu conjurers (D:15)
  An efreet (D:13)
  8 trolls
  2 jumping spiders (Lair:3)
  11 hornets
  A hornet (shapeshifter) (D:15)
  15 polar bears
  34 slime creatures
  11 tyrant leeches
  7 bog bodies
  18 blink frogs
  14 hippogriffs
  3 shadows
  3 air elementals
  10 wyverns
  A water elemental (Elf:1)
  Sigmund (D:5)
  2 hungry ghosts
  6 spriggans
  3 fire elementals
  75 yaks
  A basilisk (Lair:4)
  12 vampire mosquitoes
  6 hogs (Swamp:4)
  Menkaure (D:4)
  6 wargs
  9 insubstantial wisps
  Edmund (D:6)
  18 swamp worms
  An acid dragon (D:14)
  2 hell hounds (Gauntlet)
  12 water moccasins
  13 porcupines
  15 swamp drakes
  4 black bears
  24 orc warriors
  21 ogres
  2 slaves (D:9)
  6 ice beasts
  2 sky beasts
  An eye of draining (D:13)
  32 wolves
  9 centaurs
  3 boggarts (D:15)
  15 crocodiles
  9 big kobolds
  20 bullfrogs
  3 gnoll sergeants (D:12)
  A wyvern zombie (D:14)
  2 earth elementals
  5 water moccasin zombies (Ossuary)
  8 killer bees
  2 scorpions
  A water moccasin skeleton (D:11)
  3 wights (D:10)
  An electric eel (Lair:4)
  A howler monkey (D:13)
  2 vampire bats (Lair:3)
  3 bullfrog zombies
  2 crimson imps
  3 hounds
  A quasit (D:11)
  Crazy Yiuf (D:5)
  9 orc priests
  4 jellies
  35 orc wizards
  2 bullfrog skeletons
  7 centaur skeletons
  An iron imp (D:9)
  Jessica (D:3)
  5 hell rats (Lair:2)
  13 worker ants
  3 big kobold zombies (Ossuary)
  2 hound zombies
  2 hound skeletons
  3 mummies
  A worker ant zombie (D:5)
  10 adders
  6 river rats
  A howler monkey skeleton (D:10)
  3 shadow imps
  2 oozes
  An adder zombie (Ossuary)
  An adder skeleton (D:9)
  2 worms
  3 dart slugs
  5 leopard geckos
  73 orcs
  2 ball pythons
  6 giant cockroaches
  7 gnoll zombies (Ossuary)
  6 goblins
  9 hobgoblins
  20 jackals
  3 quokkas
  17 bats
  5 frilled lizards
  4 hobgoblin zombies (Ossuary)
  27 kobolds
  7 kobold zombies (Ossuary)
  6 orc zombies (Ossuary)
  15 rats
  3 crawling corpses (Elf:3)
  5 fungi
  6 plants
  A toadstool (Swamp:2)
1180 creatures vanquished.

Vanquished Creatures (collateral kills)
  A deep elf death mage (Elf:3)
  A deep elf high priest (Elf:3)
  A dancing weapon (Elf:1)
  A deep elf archer (Elf:1)
  A deep elf mage (Elf:1)
  2 yaktaurs (D:13)
  An orc warrior (D:12)
  A gnoll sergeant (D:12)
  A gnoll (D:12)
10 creatures vanquished.

Vanquished Creatures (others)
  An orc sorcerer (Elf:3)
  A human (Swamp:4)
  A vampire mosquito (D:15)
  A slave (D:9)
  An eye of draining (D:13)
  A jelly (D:15)
  10 briar patches
  19 fungi
  11 plants
  4 toadstools (Swamp:2)
50 creatures vanquished.

Grand Total: 1240 creatures vanquished

Notes
Turn   | Place    | Note
-------+----------+-------------------------------------------
     0 | D:1      | Titania the Minotaur Berserker began the quest for the Orb.
     0 | D:1      | Reached XP level 1. HP: 19/19 MP: 0/0
    92 | D:1      | Reached XP level 2. HP: 22/27 MP: 1/1
    95 | D:1      | Reached skill level 4 in Axes
   443 | D:1      | Reached XP level 3. HP: 33/33 MP: 2/2
   613 | D:1      | Reached ** piety under Trog
  1008 | D:2      | Reached XP level 4. HP: 40/40 MP: 3/3
  1144 | D:2      | Reached skill level 5 in Axes
  1342 | D:2      | Found a sacrificial altar of Ru.
  1557 | D:3      | Noticed a bullfrog
  1567 | D:3      | Killed a bullfrog
  1567 | D:3      | Reached XP level 5. HP: 33/47 MP: 4/4
  1611 | D:3      | Found a glowing drain.
  1626 | Sewer    | Entered a sewer
  1632 | Sewer    | Reached *** piety under Trog
  2067 | Sewer    | Reached XP level 6. HP: 42/55 MP: 5/5
  2089 | Sewer    | Found a white marble altar of Elyvilon.
  2172 | D:3      | Noticed Jessica
  2177 | D:3      | Killed Jessica
  2177 | D:3      | Reached skill level 6 in Axes
  2499 | D:3      | Reached skill level 5 in Fighting
  2601 | D:3      | Found a faded altar of an unknown god.
  3207 | D:4      | Noticed Menkaure
  3212 | D:4      | Killed Menkaure
  3400 | D:4      | Reached XP level 7. HP: 45/61 MP: 6/6
  3510 | D:4      | Reached skill level 7 in Axes
  3798 | D:5      | Entered Level 5 of the Dungeon
  3825 | D:5      | Reached skill level 5 in Armour
  3938 | D:5      | Noticed Sigmund
  3945 | D:5      | Killed Sigmund
  3955 | D:5      | Gained mutation: Your spells are a little harder to cast,
                  | but a little more powerful. [potion of mutation]
  3955 | D:5      | Gained mutation: You are agile. (Dex +2) [potion of
                  | mutation]
  3955 | D:5      | Gained mutation: You are very agile. (Dex +4) [potion of
                  | mutation]
  3955 | D:5      | Gained mutation: Your flesh is cold resistant. (rC+)
                  | [potion of mutation]
  3956 | D:5      | Lost mutation: Your spells are a little harder to cast, but
                  | a little more powerful. [potion of mutation]
  3956 | D:5      | Lost mutation: You are very agile. (Dex +4) [potion of
                  | mutation]
  3956 | D:5      | Gained mutation: You have sharp fingernails. [potion of
                  | mutation]
  3956 | D:5      | Gained mutation: You have a pair of large horns on your
                  | head. [potion of mutation]
  4013 | D:5      | Found a shattered altar of Ashenzari.
  4022 | D:5      | Reached **** piety under Trog
  4087 | D:5      | Reached skill level 8 in Axes
  4087 | D:5      | Reached skill level 5 in Dodging
  4087 | D:5      | Reached XP level 8. HP: 42/70 MP: 7/7
  4171 | D:5      | Found a runed translucent door.
  4172 | D:5      | Noticed Crazy Yiuf
  4178 | D:5      | Killed Crazy Yiuf
  4182 | D:5      | Got a warped mace
  4214 | D:5      | Identified the +5 mace of Fear {flame, Str+4} (You found it
                  | on level 5 of the Dungeon)
  4305 | D:6      | Found a sand-covered staircase.
  4314 | Ossuary  | Entered an ossuary
  4615 | D:6      | Reached skill level 9 in Axes
  4803 | D:6      | Found a staircase to the Ecumenical Temple.
  5070 | D:6      | Reached ***** piety under Trog
  5383 | D:6      | Noticed Edmund
  5391 | D:6      | Killed Edmund
  5465 | D:7      | Reached XP level 9. HP: 79/79 MP: 8/8
  5472 | D:7      | Found a basalt altar of Yredelemnul.
  5746 | D:7      | Noticed Joseph
  5751 | D:7      | Reached skill level 10 in Axes
  5757 | D:7      | Killed Joseph
  6484 | D:8      | Reached skill level 11 in Axes
  6572 | D:8      | Found Quxien's Antique Armour Boutique.
  6845 | D:9      | Reached XP level 10. HP: 75/90 MP: 9/9
  6993 | D:9      | Found a staircase to the Lair.
  7151 | D:9      | Found a snail-covered altar of Cheibriados.
  7170 | D:9      | Received a gift from Trog
  7193 | D:9      | Noticed Pikel
  7204 | D:9      | Killed Pikel
  7396 | D:9      | Reached skill level 12 in Axes
  8014 | D:10     | Entered Level 10 of the Dungeon
  8177 | D:10     | Received a gift from Trog
  8429 | D:10     | Reached XP level 11. HP: 44/99 MP: 10/10
  8435 | D:10     | Reached skill level 13 in Axes
  8876 | D:11     | Noticed Fannar
  8880 | D:11     | Reached skill level 10 in Fighting
  8893 | D:11     | Killed Fannar
  9117 | D:11     | Found Feuloeff's Antique Armour Shop.
  9121 | D:11     | Reached skill level 10 in Armour
  9400 | D:12     | Found a frozen archway.
  9408 | IceCv    | Entered an ice cave
  9542 | IceCv    | Reached skill level 14 in Axes
  9988 | IceCv    | Received a gift from Trog
 10059 | IceCv    | Reached XP level 12. HP: 96/110 MP: 11/11
 10325 | IceCv    | Reached skill level 1 in Slings
 10325 | IceCv    | Reached skill level 10 in Dodging
 10387 | IceCv    | Noticed a frost giant
 10397 | IceCv    | Killed a frost giant
 10397 | IceCv    | Reached skill level 15 in Axes
 10463 | IceCv    | Lost mutation: Your flesh is cold resistant. (rC+) [potion
                  | of mutation]
 10463 | IceCv    | Gained mutation: Your body sometimes deteriorates upon
                  | taking damage. [potion of mutation]
 10463 | IceCv    | Gained mutation: Your magical capacity is low. (-10% MP)
                  | [potion of mutation]
 10463 | IceCv    | Gained mutation: You evolve. [potion of mutation]
 10708 | IceCv    | Got a wizard robe
 10719 | IceCv    | Identified the +2 robe "Etzauzol" {Int+6 Dex+2} (You found
                  | it in an ice cave)
 10926 | D:12     | Found Baluho's Magic Scroll Shop.
 11132 | D:12     | Found a staircase to the Orcish Mines.
 11876 | D:13     | Noticed a yaktaur captain
 11885 | D:13     | Killed a yaktaur captain
 11887 | D:13     | Found a gate to the Vaults.
 11889 | D:13     | HP: 5/168 [yaktaur/bolt (15)]
 12083 | D:13     | Received a gift from Trog
 12102 | D:13     | Upgraded the game from 0.24-a0-520-g8fd06ad0bc to
                  | 0.24-a0-521-g122614bf49
 12115 | D:13     | Found Powadd's Assorted Antiques.
 12125 | D:13     | Gained mutation: You have sharp toenails. [evolution]
 12125 | D:13     | Lost mutation: You evolve. [end of evolution]
 12155 | D:13     | Found a gate leading to a gauntlet.
 12161 | D:13     | Reached XP level 13. HP: 47/118 MP: 3/10
 12168 | Gauntlet | Entered a Gauntlet
 12168 | Gauntlet | Found a transporter.
 12168 | Gauntlet | Found a transporter.
 12168 | Gauntlet | Found a transporter.
 12400 | Gauntlet | Found a transporter.
 12414 | Gauntlet | Found a transporter.
 12416 | Gauntlet | Found a transporter.
 12417 | Gauntlet | Noticed a green death
 12424 | Gauntlet | Found a transporter.
 12445 | Gauntlet | Found a transporter.
 12462 | Gauntlet | Found a transporter.
 12466 | Gauntlet | Found a transporter.
 12476 | Gauntlet | Found a transporter.
 12480 | Gauntlet | Found a transporter.
 12589 | Gauntlet | Paralysed by a hornet for 3 turns
 12595 | Gauntlet | Paralysed by a hornet for 1 turns
 12823 | Gauntlet | Killed a green death
 12823 | Gauntlet | Reached skill level 16 in Axes
 13010 | Gauntlet | Identified the +11 arbalest of the Hierophant {venom, rN+
                  | Stlth+}
 13010 | Gauntlet | Noticed a minotaur
 13018 | Gauntlet | Killed a minotaur
 13018 | Gauntlet | Reached skill level 5 in Slings
 13070 | Gauntlet | Got an ancient chain mail
 13081 | Gauntlet | Identified the +0 chain mail "Leph" {rF+} (You found it in
                  | a Gauntlet)
 13144 | D:13     | Bought an ancient golden amulet for 125 gold pieces
 13144 | D:13     | Identified the amulet of Recklessness {Spirit rPois rN+
                  | Dex+2} (You bought it in a shop on level 13 of the Dungeon)
 13422 | D:13     | Reached skill level 1 in Evocations
 13427 | D:13     | Reached skill level 1 in Crossbows
 14207 | D:14     | Received a gift from Trog
 14595 | D:15     | Entered Level 15 of the Dungeon
 14668 | D:15     | Noticed Rupert
 14676 | D:15     | Killed Rupert
 14676 | D:15     | Reached skill level 17 in Axes
 15040 | D:15     | Found Hoeraz's Weapon Emporium.
 15063 | D:15     | Received a gift from Trog
 15067 | D:15     | Reached XP level 14. HP: 117/127 MP: 3/13
 15274 | D:15     | Noticed Louise
 15879 | D:15     | Received a gift from Trog
 15897 | D:15     | Reached skill level 5 in Crossbows
 16147 | D:15     | Found a staircase to the Depths.
 16308 | D:15     | Killed Louise
 16627 | Lair:1   | Entered Level 1 of the Lair of Beasts
 16729 | Orc:1    | Entered Level 1 of the Orcish Mines
 16804 | Orc:1    | Paralysed by an orc sorcerer for 6 turns
 17128 | Orc:2    | Entered Level 2 of the Orcish Mines
 17135 | Orc:2    | Received a gift from Trog
 17609 | Orc:2    | Found a staircase to the Elven Halls.
 17666 | Orc:2    | Paralysed by an orc sorcerer for 2 turns
 17671 | Orc:2    | Found Tyotsupo's Antique Armour Emporium.
 17675 | Orc:2    | Reached skill level 18 in Axes
 17726 | Orc:2    | Found an ancient bone altar of Kikubaaqudgha.
 17737 | Orc:2    | Found Quedunoe's Magic Scroll Emporium.
 17752 | Orc:2    | Paralysed by an ogre mage for 2 turns
 17754 | Orc:2    | Reached skill level 5 in Evocations
 17758 | Orc:2    | Found a radiant altar of Vehumet.
 17761 | Orc:2    | Found a roughly hewn altar of Beogh.
 17761 | Orc:2    | Found Vuny's Gadget Shoppe.
 17764 | Orc:2    | Received a gift from Trog
 17770 | Orc:2    | Found Qustuas's Distillery.
 17935 | Orc:2    | Found Maysim's Mass Market.
 18159 | Orc:2    | Reached XP level 15. HP: 128/137 MP: 5/15
 18183 | Orc:2    | Found a roughly hewn altar of Beogh.
 18183 | Orc:2    | Noticed an orc warlord
 18193 | Orc:2    | Killed an orc warlord
 18773 | Lair:1   | Reached ****** piety under Trog
 18774 | Lair:1   | Received a gift from Trog
 18793 | Lair:1   | Got a translucent trident
 18794 | Lair:1   | Identified the +2 trident of a Labyrinth {vamp, *Corrode
                  | rN+ Str+4 Int+5} (You found it on level 1 of the Lair of
                  | Beasts)
 18810 | Lair:1   | Lost mutation: Your body sometimes deteriorates upon taking
                  | damage. [potion of mutation]
 18810 | Lair:1   | Lost mutation: You are agile. (Dex +2) [potion of mutation]
 18810 | Lair:1   | Lost mutation: Your magical capacity is low. (-10% MP)
                  | [potion of mutation]
 18810 | Lair:1   | Gained mutation: Your mind is acute. (Int +2) [potion of
                  | mutation]
 18810 | Lair:1   | Gained mutation: You are robust. (+10% HP) [potion of
                  | mutation]
 18810 | Lair:1   | Gained mutation: You have razor-sharp toenails. [potion of
                  | mutation]
 18819 | Lair:1   | Lost mutation: You are robust. (+10% HP) [potion of
                  | mutation]
 18819 | Lair:1   | Gained mutation: You are resistant to hostile enchantments.
                  | (MR+) [potion of mutation]
 18819 | Lair:1   | Gained mutation: You are somewhat resistant to further
                  | mutation. [potion of mutation]
 18820 | Lair:1   | Lost mutation: You are resistant to hostile enchantments.
                  | (MR+) [potion of mutation]
 18820 | Lair:1   | Lost mutation: You are somewhat resistant to further
                  | mutation. [potion of mutation]
 18820 | Lair:1   | Lost mutation: You have a pair of large horns on your head.
                  | [potion of mutation]
 18820 | Lair:1   | Lost mutation: Your mind is acute. (Int +2) [potion of
                  | mutation]
 18820 | Lair:1   | Gained mutation: Your system is resistant to poisons.
                  | (rPois) [potion of mutation]
 18820 | Lair:1   | Gained mutation: You are partially covered in slimy green
                  | scales. (AC +2) [potion of mutation]
 18820 | Lair:1   | Gained mutation: You are covered in fur. (AC +1) [potion of
                  | mutation]
 18820 | Lair:1   | Gained mutation: You are resistant to electric shocks.
                  | (rElec) [potion of mutation]
 19331 | Lair:2   | Noticed Gastronok
 19342 | Lair:2   | Killed Gastronok
 19692 | Lair:2   | Received a gift from Trog
 20113 | Lair:3   | Found a staircase to the Swamp.
 20501 | Lair:3   | Found a hole to the Spider Nest.
 21460 | Lair:4   | Received a gift from Trog
 22112 | Lair:5   | Noticed Sonja
 22124 | Lair:5   | Killed Sonja
 22451 | Lair:5   | Noticed Snorg
 22455 | Lair:5   | Killed Snorg
 22754 | Lair:6   | Entered Level 6 of the Lair of Beasts
 22773 | Lair:6   | Reached skill level 19 in Axes
 23317 | Lair:6   | Reached XP level 16. HP: 145/147 MP: 6/19
 23971 | Lair:6   | Found a runed translucent door.
 23973 | Lair:6   | Found a viscous altar of Jiyva.
 23975 | Lair:6   | Found a staircase to the Slime Pits.
 24181 | Swamp:1  | Entered Level 1 of the Swamp
 24627 | Swamp:1  | Received a gift from Trog
 25079 | Swamp:1  | Noticed Jorgrun
 25095 | Swamp:1  | Killed Jorgrun
 25370 | Swamp:1  | Noticed a tentacled monstrosity
 25375 | Swamp:1  | Killed a tentacled monstrosity
 25584 | Swamp:1  | Reached skill level 15 in Fighting
 25719 | Swamp:2  | Noticed a thorn hunter
 25740 | Swamp:2  | Killed a thorn hunter
 26302 | Swamp:2  | Received a gift from Trog
 26812 | Swamp:3  | Reached skill level 20 in Axes
 27402 | Swamp:3  | Reached skill level 15 in Armour
 27714 | Swamp:3  | Found a basalt altar of Yredelemnul.
 27901 | Swamp:3  | Reached XP level 17. HP: 152/156 MP: 7/21
 27991 | Swamp:4  | Entered Level 4 of the Swamp
 27993 | Swamp:4  | Noticed Kirke
 28003 | Swamp:4  | Received a gift from Trog
 28009 | Swamp:4  | Killed Kirke
 28657 | Swamp:4  | Identified the Incunabulum of Boosting Clay
 29616 | Swamp:4  | Got a decaying rune of Zot
 29914 | Swamp:4  | Lost mutation: Your system is resistant to poisons. (rPois)
                  | [potion of mutation]
 29914 | Swamp:4  | Lost mutation: You have razor-sharp toenails. [potion of
                  | mutation]
 29914 | Swamp:4  | Gained mutation: You are occasionally teleported next to
                  | monsters. [potion of mutation]
 29914 | Swamp:4  | Gained mutation: You have razor-sharp toenails. [potion of
                  | mutation]
 30561 | Elf:1    | Entered Level 1 of the Elven Halls
 30666 | Elf:1    | Reached skill level 10 in Crossbows
 30740 | Elf:1    | Found Diwote Cuto's Gadget Emporium.
 30770 | Elf:1    | Identified a scroll of acquirement
 31143 | Elf:1    | Received a gift from Trog
 31158 | Elf:1    | Received a gift from Trog
 31943 | Elf:1    | Reached skill level 21 in Axes
 32323 | Elf:2    | Received a gift from Trog
 32477 | Elf:2    | Reached XP level 18. HP: 154/166 MP: 7/23
 32527 | Elf:2    | Found a huge runed translucent gate.
 32537 | Elf:2    | Found a huge runed translucent gate.
 32538 | Elf:2    | Found a huge runed translucent gate.
 32539 | Elf:2    | Found a huge runed translucent gate.
 32540 | Elf:2    | Found a huge runed translucent gate.
 32626 | Elf:2    | Received a gift from Trog
 33241 | Elf:2    | Received a gift from Trog
 33375 | Elf:2    | Received a gift from Trog
 33851 | Elf:3    | Entered Level 3 of the Elven Halls
 33947 | Elf:3    | Reached skill level 15 in Dodging
 34043 | Elf:3    | Received a gift from Trog
 34072 | Elf:3    | Noticed an Ice Fiend
 34077 | Elf:3    | Noticed an Ice Fiend
 34078 | Elf:3    | Received a gift from Trog
 34080 | Elf:3    | Killed from afar by a deep elf high priest

Levels and vault maps discovered:
D:1:      dpeg_arrival_snail, layout_basic, glass_columns_a
D:2:      layout_loops_ring, first_ration, minmay_misc_feat_secret_circle,
          nicolae_ru_the_path_less_chosen
D:3:      layout_basic, chequers_ecumenical_altar_twisty, portal_sewer_entry_f,
          uniq_jessica
D:4:      layout_basic, uniq_menkaure
D:5:      layout_rooms, nicolae_ashenzari_panopticon, uniq_crazy_yiuf_cottage,
          uniq_sigmund
D:6:      layout_loops_corners, temple_fountains, gup_ossuary_entry_pyramid,
          minmay_misc_feat_more_columns, minmay_misc_feat_chi,
          hangedman_decor_points, uniq_edmund
D:7:      layout_basic, basic_altar, uniq_joseph
D:8:      layout_rooms, serial_shops, shop
D:9:      layout_stronghold, slow_altar_1, due_lair_maze_entry_diamond,
          uniq_pikel
D:10:     layout_cave_pools
D:11:     layout_roguey, serial_shops, nicolae_shop_overgrown_old_shop,
          uniq_fannar
D:12:     layout_long_grid, kennysheep_orc_monster_closet_entryway,
          portal_ice_cave_entry_pillars_2, serial_shops, nicolae_shop_trees,
          kennysheep_doodads, minmay_pinched_square
D:13:     layout_basic, david_vaults_2, serial_shops, nicolae_shop_stone,
          gauntlet_entry_generic
D:14:     layout_basic
D:15:     gammafunk_enter_depths_forms, layout_long_grid, serial_park_gazebo
          [serial_park_minivault_5x5_7], serial_shops, shop, uniq_rupert,
          uniq_louise
Lair:1:   layout_long_grid
Lair:2:   layout_regular_city, kennysheep_abandoned_house, uniq_gastronok
Lair:3:   layout_regular_city, swamp_mist, spider_nest_entry_funnel_web,
          roderic_batcave
Lair:4:   layout_small_grid, worms_lemuel, lemuel_fruit_tree,
          grunt_megastairs_5, serial_bayou_shore_a
Lair:5:   layout_regular_city, st_stairs_6, uniq_sonja, uniq_snorg
Lair:6:   grunt_lair_end_beastmaster, layout_loops_ring, slime_altar_2,
          grunt_megastairs_1
Swamp:1:  layout_falls_marsh, hangedman_swamp_blocks,
          infiniplex_staircase_pool_2, uniq_jorgrun
Swamp:2:  cheibrodos_swamp_tower_of_moss, layout_falls_marsh,
          nicolae_swamp_round_clearing, swamp_pool4
Swamp:3:  layout_basic_swamp, basic_altar
Swamp:4:  swamp, layout_basic_swamp, uniq_kirke
Orc:1:    layout_diamond_mine
Orc:2:    kennysheep_orc_mage_school, layout_caves, minmay_shop_mass,
          mines1_david
Elf:1:    eino_elf_arrival_customs, layout_onion_city, serial_shops, shop,
          minivault_28
Elf:2:    layout_geoelf_grid, nicolae_elf_stone_circles
Elf:3:    minmay_elf_hall_spiked, layout_loops_cross, hangedman_elf_disciples,
          uniq_aizul

Skill      XL: |  1  2  3  4  5  6  7  8  9 10 11 12 13 14 15 16 17 18 |
---------------+-------------------------------------------------------+-----
Axes           | 4 5 6 8 9 11 12 14 15 17 18 19 20 21 | 21.8
Fighting       | 4 5 6 7 8 9 11 12 13 14 15 16 | 16.6
Armour         | 3 4 5 6 8 9 10 11 12 13 14 15 16 | 16.3
Dodging        | 3 4 5 6 7 8 9 10 11 12 13 14 15 | 15.2
Slings         | 4 5 |  5.0
Evocations     | 3 5 6 7 9 |  9.9
Crossbows      | 3 6 7 9 10 11 | 11.4

Action                   |  1- 3 |  4- 6 |  7- 9 | 10-12 | 13-15 | 16-18 || total
-------------------------+-------+-------+-------+-------+-------+-------++-------
Melee: Hand axe          |    51 |   122 |    31 |       |       |       ||   204
       Headbutt          |     7 |    24 |    53 |   132 |   178 |   154 ||   548
       Mace              |       |       |   197 |   424 |       |       ||   621
       Executioner's axe |       |       |       |     7 |   715 |   779 ||  1501
       Kick              |       |       |       |     1 |   313 |   303 ||   617
 Fire: Arbalest          |       |       |       |       |       |     2 ||     2
Invok: Berserk           |       |     1 |     3 |    11 |    15 |    12 ||    42
       Trog's Hand       |       |       |     1 |    11 |     9 |    10 ||    31
       Brothers in Arms  |       |       |       |     2 |     1 |     2 ||     5
Evoke: Wand              |       |       |       |       |       |     1 ||     1
       Fan of gales      |       |       |       |       |       |     1 ||     1
       Phial of floods   |       |       |       |       |       |     1 ||     1
  Use: Scroll            |       |     4 |     6 |    12 |     6 |    18 ||    46
       Potion            |       |     2 |     2 |     6 |     8 |    12 ||    30
 Stab: Distracted        |       |       |       |       |     1 |     1 ||     2
       Petrified         |       |       |       |       |       |     4 ||     4
       Invisible         |       |       |       |       |       |     4 ||     4
  Eat: Chunk             |       |     8 |    16 |    30 |    31 |    29 ||   114
       Ration            |       |       |       |     1 |     7 |     7 ||    15
Armor: Animal skin       |     9 |    13 |       |       |       |       ||    22
       Leather armour    |       |     9 |    44 |       |       |       ||    53
       Ring mail         |       |       |     1 |   119 |     5 |       ||   125
       Plate armour      |       |       |       |       |   399 |   561 ||   960
Dodge: Dodged            |    41 |    90 |   142 |   326 |   626 |   860 ||  2085
Block: Other             |       |       |       |       |       |    47 ||    47
       Reflection        |       |       |       |       |       |     5 ||     5

Table legend:
 A = Non-vault XP
 B = Vault XP
 C = Vault XP percentage of total XP
 D = Non-vault monster count
 E = Vault monster count
 F = Vault count percentage of total count
                 A         B        C        D         E       F
            +---------+---------+-------+---------+---------+-------
      Total |  206173 |  154839 |  42.9 |     792 |     383 |  32.6
            +---------+---------+-------+---------+---------+-------
        D:1 |      57 |       0 |   0.0 |      32 |       0 |   0.0
        D:2 |     110 |       0 |   0.0 |      21 |       0 |   0.0
        D:3 |     195 |      47 |  19.4 |      25 |       5 |  16.7
        D:4 |     200 |     169 |  45.8 |       4 |       1 |  20.0
        D:5 |     380 |     249 |  39.6 |      12 |       2 |  14.3
        D:6 |     420 |     175 |  29.4 |       7 |       2 |  22.2
        D:7 |    1309 |     466 |  26.3 |      37 |       1 |   2.6
        D:8 |     973 |       0 |   0.0 |      15 |       0 |   0.0
        D:9 |    1762 |    1697 |  49.1 |      18 |      11 |  37.9
       D:10 |    2618 |       0 |   0.0 |      32 |       0 |   0.0
       D:11 |    2719 |    1033 |  27.5 |      29 |       1 |   3.3
       D:12 |    1438 |    6194 |  81.2 |       8 |      35 |  81.4
       D:13 |    5952 |    1024 |  14.7 |      26 |       3 |  10.3
       D:14 |   13927 |       0 |   0.0 |      48 |       0 |   0.0
       D:15 |   16462 |    9856 |  37.4 |      45 |      15 |  25.0
     Lair:1 |    7490 |       0 |   0.0 |      33 |       0 |   0.0
     Lair:2 |    1003 |    2689 |  72.8 |       6 |      14 |  70.0
     Lair:3 |    7929 |    1298 |  14.1 |      35 |      10 |  22.2
     Lair:4 |    4990 |    3425 |  40.7 |      20 |      13 |  39.4
     Lair:5 |    3560 |    2291 |  39.2 |      15 |       3 |  16.7
     Lair:6 |   16784 |    8711 |  34.2 |      33 |      22 |  40.0
    Swamp:1 |   18377 |    2986 |  14.0 |      38 |       1 |   2.6
    Swamp:2 |   10676 |    2137 |  16.7 |      28 |       1 |   3.4
    Swamp:3 |   16573 |       0 |   0.0 |      39 |       0 |   0.0
    Swamp:4 |    6709 |   20627 |  75.5 |      15 |      32 |  68.1
      Orc:1 |    2222 |       0 |   0.0 |      23 |       0 |   0.0
      Orc:2 |    8792 |    8236 |  48.4 |      62 |      34 |  35.4
      Elf:1 |   28332 |    9590 |  25.3 |      45 |      17 |  27.4
      Elf:2 |   14011 |   22683 |  61.8 |      24 |      29 |  54.7
      Elf:3 |   10203 |   30508 |  74.9 |      17 |      22 |  56.4
      Sewer |       0 |     141 | 100.0 |       0 |      11 | 100.0
    Ossuary |       0 |     527 | 100.0 |       0 |      35 | 100.0
      IceCv |       0 |   13110 | 100.0 |       0 |      54 | 100.0
   Gauntlet |       0 |    4970 | 100.0 |       0 |       9 | 100.0
            +---------+---------+-------+---------+---------+-------
